 Dungeon Crawl Stone Soup version 0.22.0 (webtiles) character file.

76 CyclopB the Insei (level 4, 0/31 HPs)
             Began as an Octopode Monk on Jan 21, 2019.
             Succumbed to an adder's poison
             ... on level 3 of the Dungeon.
             The game lasted 00:05:24 (1976 turns).

CyclopB the Insei (Octopode Monk)                   Turns: 1976, Time: 00:05:25

Health: 0/31       AC:  1    Str: 10    XL:     4   Next: 32%
Magic:  4/4        EV: 14    Int: 17    God:
Gold:   101        SH:  0    Dex: 15    Spells: 3/3 levels left

rFire    . . .     SeeInvis .     - Unarmed
rCold    . . .     Gourm    .   (no shield)
rNeg     . . .     Faith    .   (helmet restricted)
rPois    .         Spirit   .   (no amulet)
rElec    .         Reflect  .   (no ring)
rCorr    .         Harm     .   (no ring)
MR       .....                  (no ring)
Stlth    +++.......             (no ring)
HPRegen  0.10/turn              (no ring)
MPRegen  0.09/turn              (no ring)
                                (no ring)
                                (no ring)

@: brilliant, lethally poisoned (0 -> -4), very slightly contaminated, invisible
A: almost no armour, stealthy swim, amphibious, 8 rings, constrict 8, camouflage
1, gelatinous body 1
a: no special abilities


You were on level 3 of the Dungeon.
You were not hungry.

You visited 1 branch of the dungeon, and saw 3 of its levels.

You collected 101 gold pieces.

Inventory:

Hand Weapons
 l - a +0 hunting sling
Missiles
 e - 135 stones (quivered)
 j - 35 sling bullets
Scrolls
 b - 2 scrolls of fear {unknown}
 d - 2 scrolls of teleportation {unknown}
 g - a scroll of immolation {unknown}
 h - 2 scrolls of identify {unknown}
 i - a scroll of enchant weapon {unknown}
 k - 3 scrolls of magic mapping {unknown}
Comestibles
 a - 3 rations


   Skills:
 - Level 3.0 Fighting
 - Level 3.0 Dodging
 - Level 2.6 Stealth
 + Level 5.0 Unarmed Combat


You had 3 spell levels left.
You didn't know any spells.
Your spell library was empty.

Dungeon Overview and Level Annotations

Branches:
Dungeon (3/15)

Altars:
Okawaru


Innate Abilities, Weirdness & Mutations

You cannot wear most types of armour.
You are very stealthy in the water. (Stealth+)
You are amphibious.
You can wear up to eight rings at the same time.
You can use your tentacles to constrict eight enemies at once.
Your skin changes colour to match your surroundings (Stealth+).
Your rubbery body absorbs attacks. (AC +1, EV +1)


Message History

You feel sick.
Things that are here:
a stone; a bat corpse Unknown command.
A hobgoblin comes into view.
* * * LOW HITPOINT WARNING * * *
You feel sick.
* * * LOW HITPOINT WARNING * * *
You feel sick.
* * * LOW HITPOINT WARNING * * *
You feel sick.
You are too injured to fight recklessly!
You are too injured to fight recklessly!
The helpless hobgoblin fails to defend itself.
You tentacle-slap the hobgoblin.
You kill the hobgoblin!
* * * LOW HITPOINT WARNING * * *
You feel sick.
A worm and a dart slug come into view.
You die...

. ≈≈ ######## ≈≈≈
##......## ≈w≈≈
##........## ≈≈≈≈.
#...†......###.
≈w≈...#..(...(.......
#....@.....(.......
#..##..............
... ##...........# .
.............##
.###.........## ..
#........?..# .
#.)...(....(#
#.....†....(#.
#..............


You could see a worm (wandering) and a dart slug (sleeping).

Vanquished Creatures
  2 adders
  A worm (D:2)
  2 dart slugs
  A leopard gecko (D:1)
  A ball python (D:1)
  6 bats
  A giant cockroach (D:1)
  8 goblins
  5 hobgoblins
  4 jackals (D:2)
  3 kobolds (D:1)
  A quokka (D:2)
  5 frilled lizards
  7 rats (D:1)
47 creatures vanquished.

Notes
Turn   | Place    | Note
-------+----------+-------------------------------------------
     0 | D:1      | CyclopB the Octopode Monk began the quest for the Orb.
     0 | D:1      | Reached XP level 1. HP: 16/16 MP: 1/1
   267 | D:1      | Found an iron altar of Okawaru.
   308 | D:1      | Reached XP level 2. HP: 21/21 MP: 2/2
   593 | D:1      | Reached skill level 4 in Unarmed Combat
   665 | D:1      | Reached XP level 3. HP: 15/26 MP: 3/3
  1402 | D:2      | Reached XP level 4. HP: 31/31 MP: 4/4
  1960 | D:3      | Reached skill level 5 in Unarmed Combat
  1970 | D:3      | HP: 1/31 [poisoned by an adder]
  1976 | D:3      | Succumbed to an adder's poison

Skill      XL: |  1  2  3  4 |
---------------+-------------+-----
Unarmed Combat | 4 5 |  5.0
Fighting       | |  3.0
Dodging        | |  3.0
Stealth        | |  2.6

Action                   |  1- 3 |  4- 6 || total
-------------------------+-------+-------++-------
Melee: Unarmed           |    78 |    17 ||    95
       Constrict         |    20 |     2 ||    22
       Tentacles         |    11 |       ||    11
 Fire: Hunting sling     |       |     9 ||     9
Throw: Stone             |     7 |       ||     7
  Use: Potion            |       |     2 ||     2
 Stab: Sleeping          |     9 |     2 ||    11
  Eat: Chunk             |     2 |     1 ||     3
Armor: Skin              |     4 |     1 ||     5
Dodge: Dodged            |    40 |     5 ||    45
